 Dungeon Crawl Stone Soup version 0.24.0-123-gd5b16e6ec5 (webtiles) character file.

Game seed: 2102300598949319231, levelgen mode: deterministic

115 hazymike the Poker (level 5, 0/42 HPs)
             Began as a Merfolk Fighter on Feb 8, 2020.
             Slain by Sigmund
             ... wielding a +0 scythe
              (2 damage)
             ... on level 3 of the Dungeon.
             The game lasted 00:12:07 (2078 turns).

hazymike the Poker (Merfolk Fighter)                Turns: 2078, Time: 00:12:07

Health: 0/42       AC:  9    Str: 17    XL:     5   Next: 0%
Magic:  5/5        EV:  8    Int:  7    God:
Gold:   163        SH:  9    Dex: 14    Spells: 4/4 levels left

rFire    . . .     SeeInvis .   a - +0 trident
rCold    . . .     Gourm    .   c - +0 shield
rNeg     . . .     Faith    .   b - +0 scale mail
rPois    .         Spirit   .   o - +2 helmet
rElec    .         Reflect  .   (no cloak)
rCorr    .         Harm     .   (no gloves)
MR       .....                  (no boots)
Stlth    ..........             (no amulet)
HPRegen  0.14/turn              (no ring)
MPRegen  0.09/turn              (no ring)

@: no status effects
A: change form in water, swift swim, stealthy swim
a: no special abilities


You were on level 3 of the Dungeon.
You were not hungry.

You visited 1 branch of the dungeon, and saw 3 of its levels.

You collected 163 gold pieces.

Inventory:

Hand Weapons
 a - a +0 trident (weapon)
Missiles
 n - 4 javelins
 u - 14 poisoned darts (quivered)
Armour
 b - a +0 scale mail (worn)
 c - a +0 shield (worn)
 g - a +0 plate armour
 o - a +2 helmet (worn)
Jewellery
 i - an uncursed ring of magical power {unknown}
 k - an uncursed amulet of magic regeneration {unknown}
 l - an uncursed ring of poison resistance {unknown}
Scrolls
 e - 3 scrolls of teleportation
 h - 3 scrolls of blinking {unknown}
 m - a scroll of fog {unknown}
 p - a scroll of remove curse {unknown}
 q - a scroll of amnesia {unknown}
 s - a scroll of enchant weapon {unknown}
Potions
 d - 2 potions of might
 j - a potion of berserk rage {unknown}
 r - a potion of mutation {unknown}
 t - a potion of curing {unknown}
Comestibles
 f - 4 rations
 v - 4 chunks of flesh


   Skills:
 + Level 3.9 Fighting
 * Level 4.8 Polearms
 + Level 2.6 Armour
 + Level 1.9 Dodging
 + Level 3.5 Shields


You had 4 spell levels left.
You didn't know any spells.
Your spell library was empty.

Dungeon Overview and Level Annotations

Branches:
Dungeon (3/15)

Altars:
Elyvilon
Okawaru
Qazlal

Annotations:
D:3 Sigmund


Message History

You closely miss something. Something hits you but does no damage.
You bump into the rock wall.
Something hits you but does no damage. Something hits you!
* * * LOW HITPOINT WARNING * * *
You're too confused to move!
Something hits you.
* * * LOW HITPOINT WARNING * * *
Something hits you but does no damage.
You bump into the rock wall.
Something hits you but does no damage.
You bump into the rock wall.
Something hits you but does no damage. x2
You bump into the rock wall.
You feel less confused. Something hits you.
* * * LOW HITPOINT WARNING * * *
You hear some strange, mumbled words.
Something tries to affect you, but you resist.
Some of the chunks of flesh in your inventory have rotted away.
You miss something.
An orc wizard appears from thin air!
Reactivating autopickup.
The orc wizard barely misses you. Something hits you.
You die...

. #......... . #.(....... #.
#......... #.######.........
.##........#..!....
........#######....
.........## .#.. .........o##
# . ####...###.@#
###....#..###{###.#
....................# #######
[..........รท......#####.....#
.....#...........#....#.....#
.....#...........#.<..#.....#
.....###.####.##......#[....#
>........)............<.....#
........#####....#..>.#.....#


You could see an orc wizard.

Vanquished Creatures
  Jessica (D:3)
  2 adders (D:2)
  An ooze (D:1)
  An adder zombie (D:2)
  2 worms
  2 dart slugs
  5 leopard geckos
  A bat (D:2)
  2 giant cockroaches (D:2)
  5 goblins
  5 hobgoblins
  4 jackals (D:1)
  6 kobolds
  A ball python (D:1)
  4 frilled lizards
  7 rats
49 creatures vanquished.

Notes
Turn   | Place    | Note
-------+----------+-------------------------------------------
     0 | D:1      | hazymike the Merfolk Fighter began the quest for the Orb.
     0 | D:1      | Reached XP level 1. HP: 18/18 MP: 1/1
    58 | D:1      | Reached XP level 2. HP: 24/24 MP: 2/2
   661 | D:2      | Reached skill level 1 in Dodging
   737 | D:2      | Reached XP level 3. HP: 29/29 MP: 3/3
   944 | D:2      | Reached skill level 4 in Polearms
  1110 | D:2      | Reached XP level 4. HP: 26/37 MP: 4/4
  1417 | D:2      | Found an iron altar of Okawaru.
  1417 | D:2      | Found a white marble altar of Elyvilon.
  1418 | D:2      | Found a stormy altar of Qazlal.
  1788 | D:3      | Noticed Sigmund
  1854 | D:3      | Noticed Jessica
  1884 | D:3      | Killed Jessica
  2045 | D:3      | Reached XP level 5. HP: 42/42 MP: 5/5
  2074 | D:3      | HP: 2/42 [something (3)]
  2078 | D:3      | Slain by Sigmund

Levels and vault maps discovered:
D:1:      dpeg_arrival_lava_altar, layout_rooms
D:2:      minmay_angry_zag, layout_basic, gammafunk_temple_overflow_claw
D:3:      layout_rooms, old_standard_altar, kennysheep_flooded_box,
          chequers_serial_rivers_micro_c, uniq_ijyb, uniq_sigmund, uniq_jessica

Skill      XL: |  1  2  3 |
---------------+----------+-----
Dodging        | 1 |  1.9
Polearms       | 4 |  4.8
Fighting       | |  3.9
Armour         | |  2.6
Shields        | |  3.5

Action                   |  1- 3 |  4- 6 || total
-------------------------+-------+-------++-------
Melee: Trident           |   117 |    56 ||   173
Throw: Javelin           |     3 |     3 ||     6
       Dart              |       |     7 ||     7
  Use: Scroll            |       |     1 ||     1
  Eat: Chunk             |     1 |     3 ||     4
Armor: Scale mail        |    31 |    25 ||    56
Dodge: Dodged            |    27 |    14 ||    41
Block: Shield            |    46 |    10 ||    56
